 Dungeon Crawl Stone Soup version 0.30.1 (webtiles) character file.

Game seed: 471700920829165001

96 sakkuzi the Chopper (level 4, -7/41 HPs)
             Began as a Minotaur Berserker on July 12, 2023.
             Was a Believer of Trog.
             Mangled by a gnoll
             ... wielding a +0 club
              (9 damage)
             ... on level 2 of the Dungeon.
             The game lasted 00:03:54 (1298 turns).

sakkuzi the Chopper (Minotaur Berserker)            Turns: 1298, Time: 00:03:54

Health: -7/41      AC:  2    Str: 23    XL:     4   Next: 41%
Magic:  3/3        EV: 12    Int:  4    God:    Trog [**....]
Gold:   50         SH:  0    Dex: 10    Spells: 3/3 levels left

rFire   . . .        a - +0 hand axe
rCold   . . .        (no shield)
rNeg    . . .        b - +0 animal skin
rPois   .            (helmet restricted)
rElec   .            (no cloak)
rCorr   .            (no gloves)
SInv    .            (no boots)
Will    .....        (no amulet)
Stlth   +            (no ring)
HPRegen 0.26/turn    (no ring)
MPRegen 0.08/turn

%: no passive effects
@: no status effects
A: horns 2, retaliatory headbutt
a: Renounce Religion, Berserk, Trog's Hand


You were on level 2 of the Dungeon.
You worshipped Trog.
Trog was pleased with you.
You visited 1 branch of the dungeon, and saw 2 of its levels.

You collected 50 gold pieces.

Inventory:

Hand Weapons
 a - a +0 hand axe (weapon)
Armour
 b - a +0 animal skin (worn)
Wands
 j - a wand of mindburst (4)
Scrolls
 c - a scroll of fear {unknown}
 e - a scroll of identify {unknown}
 g - a scroll of brand weapon {unknown}
 h - a scroll of magic mapping {unknown}
 i - a scroll of teleportation {unknown}
Potions
 d - 2 potions of haste {unknown}
 f - 2 potions of attraction {unknown}


   Skills:
 + Level 4.4 Fighting
 * Level 4.9 Axes
 + Level 3.4 Armour
 - Level 2.6 Dodging


You had 3 spell levels left.
You didn't know any spells.
Your spell library was empty.

Dungeon Overview and Level Annotations

Branches:
Dungeon (2/15)

Altars:


Innate Abilities, Weirdness & Mutations

You have a pair of horns on your head.
You reflexively headbutt those who attack you in melee.


Message History

The gnoll hits you from afar with a +1 spear of flaming.
The gnoll burns you.
* * * LOW HITPOINT WARNING * * *
The gnoll hits you with a +0 club.
* * * LOW HITPOINT WARNING * * *
You hit the gnoll.
You kill the gnoll!
Trog accepts your kill.
The gnoll hits you from afar with a +1 spear of flaming.
* * * LOW HITPOINT WARNING * * *
The gnoll burns you.
* * * LOW HITPOINT WARNING * * *
You have reached level 4!
You feel agile.
Okay, then.
Okay, then.
Aiming: Mindburst
Press: ? - help, Shift-Dir - straight line, f - gnoll
Aim: a gnoll, wielding a +1 spear of flaming (chance to affect: 72%)
The gnoll's mind is blasted!
You blow up the gnoll!
Trog accepts your kill.
You don't know any spells.
Aiming: Mindburst
Press: ? - help, Shift-Dir - straight line, f - gnoll
Aim: a gnoll, wielding a +0 whip (chance to affect: 72%)
The gnoll's mind is blasted!!
You blow up the gnoll!
Trog accepts your kill.
A gnoll comes into view. It is wielding a +0 club.
You don't know any spells.
Aiming: Mindburst
Press: ? - help, Shift-Dir - straight line, f - gnoll
Aim: a gnoll, wielding a +0 club and quivering a throwing net (chance to affect: 72%)
The gnoll's mind is blasted!
You barely miss the gnoll.
You headbutt the gnoll, but do no damage.
The gnoll is almost dead.
The gnoll hits you with a +0 club!
You die...

#.# #...# #.# #.#.# #.# ##'#+###
. #.# #......# #####.# #.#
#......# .......
#.#.#########......# #
#......##.#................# #.
...##....########.......###
#.####.#####)g@................
##...........###.#####.......###
.............# #.# .........###
#..........###.# #............
#.....gg...#...# #........####
#..........#...# ###......#
#.............#...# .......#
#.............#...# .......#
#.............###.# .......####


You could see a gnoll.

Vanquished Creatures
  An adder (D:2)
  3 gnolls (D:2)
  A worm (D:2)
  2 dart slugs
  4 ball pythons
  3 endoplasms
  4 giant cockroaches
  4 goblins
  7 hobgoblins
  6 jackals
  3 kobolds
  3 bats
  4 frilled lizards
  3 rats
48 creatures vanquished.

Notes
Turn   | Place    | Note
-------+----------+-------------------------------------------
     0 | D:1      | sakkuzi the Minotaur Berserker began the quest for the Orb.
     0 | D:1      | Reached XP level 1. HP: 19/19 MP: 0/0
   203 | D:1      | Reached XP level 2. HP: 24/27 MP: 1/1
   376 | D:1      | Reached ** piety under Trog
   706 | D:2      | Reached XP level 3. HP: 27/33 MP: 2/2
  1293 | D:2      | HP: 1/34 [gnoll/+1 spear of flaming (1)]
  1294 | D:2      | Reached XP level 4. HP: 1/41 MP: 3/3
  1298 | D:2      | Mangled by a gnoll

Illustrated notes

Levels and vault maps discovered:
D:1:      minmay_arrival_radiant_lines, layout_loops_ring
D:2:      layout_basic, serial_glass, glass_columns_a, glass_columns_c,
          kennysheep_generic_room_8

Skill      XL: |  1  2  3 |
---------------+----------+-----
Axes           | 4 |  4.9
Fighting       | 4 |  4.4
Armour         | 3 |  3.4
Dodging        | |  2.6

Action                     |  1- 3 |  4- 6 || total
---------------------------+-------+-------++-------
  Melee: Hand axe          |   119 |     1 ||   120
         Headbutt          |    21 |     1 ||    22
  Evoke: Wand              |       |     3 ||     3
   Stab: Sleeping          |     2 |       ||     2
 Armour: Animal skin       |    18 |       ||    18
  Dodge: Dodged            |    72 |       ||    72
